 Dungeon Crawl Stone Soup version 0.17-a0-1564-g7b572aa (webtiles) character file.

93 Pandaemon the Ducker (level 4, -1/38 HPs)
             Began as a Draconian Fighter on July 21, 2015.
             Was a Follower of Dithmenos.
             Slain by a worm (12 damage)
             ... on level 2 of the Dungeon.
             The game lasted 00:04:44 (1996 turns).

Pandaemon the Ducker (Draconian Fighter)            Turns: 1996, Time: 00:04:44

Health: -1/38      AC:  5    Str: 20    XL:     4   Next: 37%
Magic:  4/4        EV: 10    Int:  8    God:    Dithmenos [*.....]
Gold:   83         SH:  9    Dex: 10    Spells: 0 memorised, 3 levels left

rFire  . . .     SeeInvis .     a - +0 war axe
rCold  . . .     Clarity  .     (armour unavailable)
rNeg   . . .     SustAt   .     b - +0 shield
rPois  +         Gourm    .     (helmet restricted)
rElec  .         Spirit   .     (no cloak)
rCorr  .         Warding  .     (no gloves)
rMut   .         Stasis   .     (no boots)
MR     .....                    (no amulet)
Stlth  +.........               (no ring)
                                e - ring of poison resistance

@: wreathed by umbra, not resistant to hostile enchantments, very unstealthy
A: unfitting armour, cold-blooded, AC +5
a: Renounce Religion


You were on level 2 of the Dungeon.
You worshipped Dithmenos.
Dithmenos was aware of your devotion.
You were near starving.

You visited 1 branch of the dungeon, and saw 2 of its levels.

You collected 83 gold pieces.

Inventory:

Hand weapons
 a - a +0 war axe (weapon)
Missiles
 k - 6 tomahawks (quivered)
Armour
 b - a +0 shield (worn)
Jewellery
 e - a ring of poison resistance (left hand)
 p - an uncursed amulet of warding {unknown}
Scrolls
 h - 3 scrolls of remove curse {unknown}
 j - 2 scrolls of teleportation {unknown}
 n - 2 scrolls of enchant weapon {unknown}
 o - a scroll of immolation {unknown}
 q - a scroll of random uselessness {unknown}
Potions
 c - a potion of might
 g - a potion of curing {unknown}
 l - a potion of invisibility {unknown}
 m - a potion of mutation {unknown}
Comestibles
 d - 2 bread rations
 f - a meat ration
 i - 5 fruits


   Skills:
 + Level 3.5 Fighting
 + Level 2.4 Axes
 + Level 3.7 Dodging
 + Level 0.6 Stealth
 + Level 3.7 Shields


You had 3 spell levels left.
You didn't know any spells.

Dungeon Overview and Level Annotations

Branches:
Dungeon (2/15)

Altars:
Dithmenos
Okawaru
The Shining One


Innate Abilities, Weirdness & Mutations

Your plain brown scales are hard (AC +5).
Your body does not fit into most forms of armour.
You are cold-blooded and may be slowed by cold attacks.


Message History

You barely miss the adder. The adder barely misses you.
The adder bites you but does no damage.
You hit the adder but do no damage.
Your tail-slap misses the adder.
You block the adder's attack. The adder barely misses you.
You miss the adder.
Your tail-slap misses the adder.
The adder bites you. The adder barely misses you.
You barely miss the adder. The adder closely misses you. The adder misses you.
You miss the adder. The adder bites you. You block the adder's attack.
You barely miss the adder. The adder bites you but does no damage.
The adder bites you.
You closely miss the adder. The adder closely misses you. The adder misses you.
You slash the adder!
You kill the adder!
Dithmenos accepts your kill. The worm bites you!
* * * LOW HITPOINT WARNING * * *
You slash the worm!
The worm is moderately wounded.
The worm bites you!
You die...

##..## ####.# #.
#...# #....## #.
##..# ###...###.
##..# #.....##.
#...# ##.†...#.
##...## ##.####.
#####8....#
#.####.
#..w#.....##
#....#.
#._.@......#
#.##.'.
#...#.....##
#.####.
#####8....#####.#
## ##....##....#
#...######(#####
##..# #......
##..# #.(##..
#...# ####..#...
#...# #.......#.


You could see a worm.

Vanquished Creatures
  4 adders (D:2)
  A gnoll (D:1)
  An ooze (D:1)
  2 worms (D:2)
  6 bats
  2 giant cockroaches (D:2)
  6 goblins
  2 hobgoblins
  2 jackals (D:2)
  7 kobolds
  2 quokkas (D:2)
  2 ball pythons (D:2)
  A giant newt (D:1)
  4 rats
42 creatures vanquished.

Notes
Turn   | Place    | Note
--------------------------------------------------------------
     0 | D:1      | Pandaemon the Draconian Fighter began the quest for the Orb.
     0 | D:1      | Reached XP level 1. HP: 19/19 MP: 1/1
   126 | D:1      | Reached XP level 2. HP: 23/26 MP: 2/2
   952 | D:1      | Reached XP level 3. HP: 31/31 MP: 3/3
  1042 | D:2      | Found a faded altar to an unknown god.
  1297 | D:2      | Became a worshipper of Dithmenos the Shadowed
  1332 | D:2      | Found a glowing golden altar of the Shining One.
  1510 | D:2      | Found an iron altar of Okawaru.
  1520 | D:2      | Reached XP level 4. HP: 36/38 MP: 4/4
  1996 | D:2      | Slain by a worm

Vault maps used:
D:1:      dpeg_arrival_court
D:2:      overflow_temple_1_default, nicolae_tso_carved_into_rock,
          ecumenical_altar_2, kennysheep_small_spiral, kennysheep_boxes

Action                   |  1- 3 |  4- 6 || total
-------------------------+-------+-------++-------
Melee: War axe           |   103 |    44 ||   147
  Eat: Chunk             |     2 |       ||     2
